 Dungeon Crawl Stone Soup version 0.15-a0-734-g2b8d6ef (webtiles) character file.

1668 PolkaDot the Summoner (level 8, -3/52 HPs)
             Began as a Vampire Summoner on May 11, 2014.
             Slain by a wight
             ... wielding a cursed +2,+2 scimitar of freezing
              (6 damage)
             ... on Level 7 of the Dungeon.
             The game lasted 00:23:29 (6945 turns).

PolkaDot the Summoner (Vampire Summoner)            Turns: 6945, Time: 00:23:31

HP  -3/52        AC  7     Str  7      XL: 8   Next: 69%
MP  18/21        EV 10     Int 19      God:
Gold 230         SH  0     Dex 14      Spells:  7 memorised,  2 levels left

rFire  . . .     SeeInvis +     u - +7 Singing Sword
rCold  . . .     Clarity  +     r - +2 leather armour {rPois}
rNeg   . . .     Conserve .     (no shield)
rPois  +         rCorr    .     g - +0 helmet
rElec  .         rRot     .     (no cloak)
SustAb . .       Spirit   .     (no gloves)
rMut   .         Warding  .     (no boots)
Gourm  .         Stasis   .     z - amulet of clarity
MR     .....                    q - +1 ring of protection
                                h - ring of poison resistance

@: regenerating quickly, not resistant to hostile enchantments, unstealthy
A: bottle blood, fangs 3, see invisible, unbreathing
a: Bottle Blood


You were on level 7 of the Dungeon.
You were very full.

You visited 1 branch of the dungeon, and saw 7 of its levels.

You collected 230 gold pieces.

Inventory:

Hand weapons
 u - the +7,+7 Singing Sword (weapon)
   (You found it on level 5 of the Dungeon)
Armour
 g - a +0 helmet (worn)
 r - a +2 leather armour of poison resistance (worn)
Magical devices
 j - a wand of confusion (18) {unknown}
 s - a wand of slowing (0)
 y - a wand of disintegration (11) {unknown}
Scrolls
 a - a scroll of enchant armour
 f - a scroll of immolation
 i - 2 scrolls of identify
 m - 2 scrolls of teleportation
 o - 3 scrolls of remove curse
Jewellery
 h - a ring of poison resistance (left hand)
 l - an uncursed amulet of conservation
 q - a +1 ring of protection (right hand)
 z - an amulet of clarity (around neck)
Potions
 c - a potion of poison {unknown}
 d - a potion of invisibility
 e - 2 potions of brilliance
 k - a potion of agility
 n - 4 potions of flight
 p - a potion of paralysis {unknown}
 t - 2 potions of curing {unknown}
 w - a potion of haste {unknown}
 A - a potion of lignification {unknown}
Books
 b - a book of Callings

   Spells                             Type                      Level
   *Summon Small Mammal               Summoning                    1
   *Call Imp                          Summoning                    2
   *Call Canine Familiar              Summoning                    3
   Summon Guardian Golem              Hexes/Summoning              4
   *Summon Lightning Spire            Summoning/Air                4
   *Summon Ice Beast                  Ice/Summoning                4
 v - a book of Spatial Translocations

   Spells                             Type                      Level
   *Apportation                       Translocation                1
   *Blink                             Translocation                2
   Shroud of Golubria                 Charms/Translocation         2
   Portal Projectile                  Translocation                3
   Teleport Other                     Translocation                3
   Passage of Golubria                Translocation                4


   Skills:
 - Level 2.1 Dodging
 - Level 3.0 Stealth
 * Level 6.3 Spellcasting
 + Level 9.8 Summonings


You had 2 spell levels left.
You knew the following spells:

 Your Spells              Type           Power        Failure   Level  Hunger
a - Summon Small Mammal   Summ           ####         1%          1    None
d - Call Canine Familiar  Summ           #####...     1%          3    ##.....
f - Summon Ice Beast      Ice/Summ       ###.....     14%         4    ####...
g - Summon Lightning Spi  Summ/Air       ###.....     14%         4    ####...
q - Blink                 Tloc           N/A          17%         2    None
s - Call Imp              Summ           #####...     1%          2    None
w - Apportation           Tloc           #.........   12%         1    None


Dungeon Overview and Level Annotations

Branches:
Dungeon (7/15)
 Temple: D:4-7

Altars:
Dithmenos
Vehumet
Xom
The Shining One


Innate Abilities, Weirdness & Mutations

Your natural rate of healing is unusually fast.
You can bottle blood from corpses.
You have razor-sharp teeth.*
You have supernaturally acute eyesight.
You can survive without breathing.*


Message History

Your hound bites the wight but does no damage.
The wight closely misses your hound.
Your hound bites the wight but does no damage.
The wight hits your hound with a scimitar of freezing.
The wight drains your hound! The wight freezes your hound.
Your hound dies!
Your hound's corpse disappears in a puff of smoke!
Drink which item? (? for menu, Esc to quit)
You feel much better. The wight closely misses you.
Casting: Call Canine Familiar
Confirm with . or Enter, or press ? or * to list all spells.
The wight hits you with a runed scimitar!
Your wolf closely misses the wight.
You closely miss the wight.
The wight is almost destroyed.
Your wolf bites the wight!
The wight hits you with a scimitar of freezing!
* * * LOW HITPOINT WARNING * * *
The wight freezes you!
You die...

###### #.... . ####... ...
#.....##### #....
#<....#...# .....#
.>###.....#...######.....#
.>..........z............##
.###......@zh.....).......
#.....#########.[......
####.#..# ####.##
#....#....# #....#.......
#....#....### ##...#..###
#...#..# #...#..##


You could see 2 wights and a friendly wolf.

Vanquished Creatures
  Edmund (D:4)
  2 centaurs
  A necrophage (D:7)
  2 phantoms
  3 ogres
  Duvessa (D:4)
  3 scorpions (D:5)
  A wight (D:7)
  Dowan (D:4)
  An iguana (D:5)
  A hound (D:5)
  4 worker ants
  Jessica (D:3)
  An ogre skeleton (D:5)
  7 adders
  A shadow imp (D:6)
  3 giant mites
  4 worms
  4 giant geckos
  An ooze (D:6)
  10 orcs
  13 bats
  A bat zombie (D:6)
  8 giant cockroaches
  12 hobgoblins
  12 jackals
  7 kobolds
  2 quokkas (D:3)
  A ball python (D:3)
  4 giant newts
  11 goblins
  An orc skeleton (D:4)
  9 rats
  2 fungi (D:5)
136 creatures vanquished.

Vanquished Creatures (collateral kills)
  An ice beast (D:6)
  2 sky beasts
  A phantom (D:6)
  3 scorpions (D:5)
  An orc wizard (D:3)
  4 adders
  A worm (D:2)
  A giant gecko (D:1)
  3 orcs (D:3)
  3 bats (D:5)
  2 goblins
  2 hobgoblins (D:1)
  4 jackals (D:1)
  A kobold (D:6)
  A rat (D:3)
30 creatures vanquished.

Vanquished Creatures (others)
  A wolf (D:5)
  6 hounds
  2 bats
  2 rats
11 creatures vanquished.

Grand Total: 177 creatures vanquished

Notes
Turn   | Place    | Note
--------------------------------------------------------------
     0 | D:1      | PolkaDot, the Vampire Summoner, began the quest for the Orb.
     0 | D:1      | Reached XP level 1. HP: 13/13 MP: 3/3
   539 | D:1      | Reached XP level 2. HP: 10/19 MP: 0/4
  1628 | D:2      | Reached skill level 5 in Summonings
  1644 | D:2      | Reached XP level 3. HP: 8/24 MP: 3/6
  1737 | D:2      | Learned a level 3 spell: Call Canine Familiar
  2491 | D:3      | Noticed Jessica
  2500 | D:3      | Killed Jessica
  2500 | D:3      | Reached XP level 4. HP: 26/30 MP: 7/7
  2598 | D:3      | Learned a level 1 spell: Apportation
  2684 | D:3      | Reached skill level 6 in Summonings
  2880 | D:3      | Found a radiant altar of Vehumet.
  3128 | D:3      | Reached XP level 5. HP: 25/35 MP: 9/9
  3169 | D:3      | Noticed a sky beast
  3201 | D:3      | Killed a sky beast
  3201 | D:3      | Reached skill level 7 in Summonings
  3381 | D:4      | Noticed an ogre
  3390 | D:4      | Killed an ogre
  3390 | D:4      | Reached XP level 6. HP: 11/41 MP: 7/10
  3565 | D:4      | Noticed Edmund
  3568 | D:4      | Noticed an ogre
  3572 | D:4      | Noticed Duvessa
  3611 | D:4      | Killed an ogre
  3613 | D:4      | HP: 1/41 [Edmund/dire flail (3)]
  4119 | D:4      | Found a glowing golden altar of the Shining One.
  4147 | D:4      | Noticed Dowan
  4309 | D:4      | Reached skill level 8 in Summonings
  4318 | D:4      | Killed Edmund
  4590 | D:5      | Entered Level 5 of the Dungeon
  4656 | D:4      | Killed Duvessa
  4656 | D:4      | Reached XP level 7. HP: 6/46 MP: 9/12
  4664 | D:4      | Killed Dowan
  4702 | D:5      | Learned a level 2 spell: Call Imp
  5255 | D:5      | Reached skill level 9 in Summonings
  5940 | D:5      | Found a shimmering altar of Xom.
  6183 | D:5      | Reached XP level 8. HP: 50/52 MP: 18/18
  6192 | D:5      | Learned a level 2 spell: Blink
  6197 | D:5      | Learned a level 4 spell: Summon Ice Beast
  6566 | D:6      | Found a shadowy altar of Dithmenos.
  6611 | D:6      | Reached skill level 5 in Spellcasting
  6900 | D:7      | Learned a level 4 spell: Summon Lightning Spire
  6945 | D:7      | Slain by a wight

Action                   |  1- 3 |  4- 6 |  7- 9 || total
-------------------------+-------+-------+-------++-------
Melee: Dagger            |    76 |       |       ||    76
       Unarmed           |     2 |       |       ||     2
       Mace              |    32 |   172 |    99 ||   303
       Bastard sword     |       |       |   116 ||   116
 Cast: Summon Small Mamm |    19 |     2 |     4 ||    25
       Call Canine Famil |     1 |    11 |     9 ||    21
  Use: Potion            |     2 |       |     2 ||     4
       Scroll            |       |    10 |     1 ||    11
 Stab: Sleeping          |     4 |     4 |     5 ||    13
       Distracted        |     1 |     1 |     1 ||     3
